 Dungeon Crawl Stone Soup version 0.29.1-1-gd02db6906a (webtiles) character file.

Game seed: 1006565615083025315

35 MortyMaxwell the Magician (level 3, 0/26 HPs)
             Began as a Djinni Venom Mage on Oct 22, 2022.
             Slain by a goblin
             ... wielding a +0 dagger
              (4 damage)
             ... on level 2 of the Dungeon.
             The game lasted 00:05:21 (1832 turns).

MortyMaxwell the Magician (Djinni Venom Mage)       Turns: 1832, Time: 00:05:29

Health: 0/26       AC:  2    Str:  7    XL:     3   Next: 55%
Gold:   65         EV:  9    Int: 18    God:
                   SH:  0    Dex: 13

rFire   + + .      SeeInvis .   (no weapon)
rCold   x . .      Faith    .   (no shield)
rNeg    . . .      Spirit   .   a - +0 robe
rPois   ∞          Reflect  .   (no helmet)
rElec   .          Harm     .   (no cloak)
rCorr   .          Rampage  .   (no gloves)
Will    .....                   (boots unavailable)
Stlth   ++........              (no amulet)
HPRegen 0.08/turn               (no ring)
MPRegen 0.00/turn               (no ring)

@: flying, constricted, invisible
A: sickness immunity, fire resistance 2, cold vulnerability 1, float, innate
caster, HP casting, extra vitality 1
a: no special abilities


You were on level 2 of the Dungeon.
You visited 1 branch of the dungeon, and saw 2 of its levels.

You collected 65 gold pieces.

Inventory:

Armour
 a - a +0 robe (worn)
Scrolls
 b - a scroll of teleportation {unknown}
Potions
 c - a potion of mutation {unknown}
 d - a potion of flight


   Skills:
 * Level 0.9 Fighting
 * Level 0.6 Armour
 * Level 2.4 Dodging
 * Level 1.7 Stealth
 * Level 3.0 Spellcasting


You couldn't memorise any spells.
You knew the following spells:

 Your Spells              Type           Power      Damage    Failure   Level
a - Sting                 Tmut/Pois      52%        1d5       4%          1
b - Poisonous Vapours     Pois/Air       26%        N/A       7%          2
c - Mephitic Cloud        Conj/Pois/Air  13%        N/A       14%         3
d - Olgreb's Toxic Radia  Pois           13%        N/A       43%         4
e - Summon Small Mammal   Summ           52%        N/A       4%          1
Your spell library was empty.

Dungeon Overview and Level Annotations

Branches:
Dungeon (2/15)

Altars:

Shops:
D:1 !


Innate Abilities, Weirdness & Mutations

You are immune to sickness and miasma.
You are immune to poison.
Your flesh is very heat resistant. (rF++)
You are vulnerable to cold. (rC-)
You float through the air rather than walking.
You learn spells naturally, not from books.
Your magical power is your life essence.
You have superior vitality. (+4 MHP)


Message History

Aim: a hobgoblin (confused, 90% to hit)
The sting hits the hobgoblin.
The hobgoblin is poisoned.
The hobgoblin is heavily wounded.
The ball python barely misses the hobgoblin.
Unknown command.
Casting: Sting (safe; 4% risk of failure)
Confirm with . or Enter, or press ? or * to list all spells.
Aiming: Sting (safe; 4% risk of failure)
Press: ? - help, Shift-Dir - straight line, f - hobgoblin, p - hobgoblin
Aim: a hobgoblin (71% to hit)
The sting hits the hobgoblin.
The hobgoblin is poisoned.
The hobgoblin is almost dead.
The ball python seems less confused.
You kill the hobgoblin!
The hobgoblin hits you.
A frilled lizard comes into view.
The ball python closely misses you. The ball python grabs you.
The ball python constricts you. The hobgoblin barely misses you.
You escape the ball python's grasp.
The frilled lizard hisses angrily.
The hobgoblin misses the ball python.
The ball python attacks as you move away!
The ball python misses you. x2; The hobgoblin looks more healthy.
The ball python closely misses you. The ball python grabs you.
The ball python constricts you. The goblin hits you with a +0 dagger.
* * * LOW HITPOINT WARNING * * *
It was a potion of flight.
You feel more buoyant.
The ball python bites you but does no damage.
The ball python constricts you.
The hobgoblin screams, "I'll kill you anyway!"
Unknown command.
It was a potion of invisibility.
You fade into invisibility!
The ball python bites you.
* * * LOW HITPOINT WARNING * * *
The ball python constricts you.
* * * LOW HITPOINT WARNING * * *
The goblin hits you with a +0 dagger.
You die...

........
.......
........
#......
#.....
####l....
#@g..#'#+#
#S.†)#.#.#
#g.[.'...#
#....#.###
# ######.#
#
#.#######
#
#.......#
#
#######.#
#.#


You could see a hobgoblin (confused, unable to see you), a goblin (unable to see
you), a ball python (unable to see you) and a frilled lizard (unable to see
you).

Vanquished Creatures
  A gnoll (D:1)
  A dart slug (D:2)
  3 endoplasms
  2 giant cockroaches (D:1)
  3 goblins
  4 hobgoblins
  2 ball pythons (D:1)
  4 bats
  A frilled lizard (D:1)
21 creatures vanquished.

Notes
Turn   | Place    | Note
-------+----------+-------------------------------------------
     0 | D:1      | MortyMaxwell the Djinni Venom Mage began the quest for the
                  | Orb.
     0 | D:1      | MortyMaxwell set off with the following spells memorised:
                  | Sting, Poisonous Vapours, Mephitic Cloud, Olgreb's Toxic
                  | Radiance.
     0 | D:1      | Reached XP level 1. HP: 15/15 MP: 0/0
   381 | D:1      | Reached XP level 2. HP: 7/22 MP: 0/0
   746 | D:1      | Found Totugrof's Distillery.
   806 | D:1      | Reached XP level 3. HP: 8/26 MP: 0/0
   806 | D:1      | Learned a level 1 spell: Summon Small Mammal
  1391 | D:2      | Reached skill level 3 in Spellcasting
  1832 | D:2      | Slain by a goblin

Illustrated notes

Levels and vault maps discovered:
D:1:      elethiomel_arrival_infinity_welcomes_careful_drivers,
          layout_loops_ring, serial_shops, nicolae_shop_stone, minmay_tall_x
D:2:      layout_basic, chequers_ecumenical_altar_island, minmay_between

Skill      XL: |  1  2  3 |
---------------+----------+-----
Spellcasting   | 3 |  3.0
Fighting       | |  0.9
Armour         | |  0.6
Dodging        | |  2.4
Stealth        | |  1.7

Action                   || total
-------------------------++-------
Melee: Unarmed           ||     2
 Cast: Sting             ||    14
       Poisonous Vapours ||    19
       Mephitic Cloud    ||     3
  Use: Potion            ||     2
Armor: Robe              ||    15
Dodge: Dodged            ||    34
